 Dungeon Crawl Stone Soup version 0.31.0-32-g396128a36d (webtiles) character file.

Game seed: 16902055863631240053

1849 Fractals the Cutter (level 9, -1/67 (69) HPs)
             Began as a Human Artificer on Apr 13, 2024.
             Succumbed to a water moccasin's poison
             ... on level 6 of the Dungeon on Apr 14, 2024.
             The game lasted 00:19:35 (5827 turns).

Fractals the Cutter (Human Artificer)               Turns: 5827, Time: 00:19:36

HP:   -1/67 (69)    AC:  8    Str: 15    XL:     9   Next: 12%
MP:   7/18          EV: 10    Int: 12    God:
Gold: 335           SH:  0    Dex: 15    Spells: 8/8 levels left

rFire   . . .        g - +0 flail (holy)
rCold   . . .        (no shield)
rNeg    . . .        f - +0 scale mail
rPois   .            (no helmet)
rElec   .            (no cloak)
rCorr   .            y - +0 pair of gloves
SInv    .            (no boots)
Will    +....        z - amulet of guardian spirit
Stlth   +            s - ring of magical power
HPRegen 0.31/turn    x - ring of willpower
MPRegen 0.16/turn

%: guardian spirit
@: mighty, lethally poisoned (-1 -> -9), attractive, lightly drained
A: explore regen
a: no special abilities


You were on level 6 of the Dungeon.
You visited 2 branches of the dungeon, and saw 7 of its levels.

You collected 335 gold pieces.

Inventory:

Hand Weapons
 g - a +0 flail of holy wrath (weapon)
 h - a +0 dagger of flaming
 l - a +2 short sword of venom
 w - a +3 dagger
Missiles
 a - 12 javelins
 t - 18 poisoned darts (quivered)
 v - 2 throwing nets
Armour
 f - a +0 scale mail (worn)
 y - a +0 pair of gloves (worn)
Jewellery
 s - a ring of magical power (left hand)
 x - a ring of willpower (right hand)
 z - an amulet of guardian spirit (around neck)
Wands
 c - a wand of flame (38)
 d - a wand of charming (13)
 e - a wand of iceblast (4)
 j - a wand of roots (6)
 k - a wand of polymorph (5)
Scrolls
 i - 4 scrolls of teleportation
 m - a scroll of enchant weapon
 o - a scroll of enchant armour
 r - a scroll of vulnerability {unknown}
Potions
 b - a potion of invisibility
 n - a potion of resistance
 p - 4 potions of brilliance


   Skills:
 + Level 6.0 Fighting
 - Level 6.0 Short Blades
 - Level 5.0 Armour
 - Level 2.0 Dodging
 - Level 4.5 Stealth
 - Level 5.0 Evocations


You had 8 spell levels left.
You didn't know any spells.
Your spell library contained the following spells:

 Spells                   Type           Power      Damage    Failure   Level
 Sting                    Conj/Alch      0%         1d3       75%         1
 Mercury Vapours          Alch/Air       0%         N/A       87%         2
 Olgreb's Toxic Radiance  Alch           0%         N/A       100%        4


Dungeon Overview and Level Annotations

Branches:
Dungeon (6/15)             Temple (1/1) D:4

Altars:
Ashenzari
Dithmenos
Hepliaklqana
Okawaru
Qazlal
Trog
Xom
The Shining One


Innate Abilities, Weirdness & Mutations

You regain HP and MP as you explore.


Message History

You feel drained. The water moccasin barely misses you.
The wight barely misses you. The water moccasin bites you.
You are poisoned.
The water moccasin poisons you!
You closely miss the wight.
The wight is severely damaged.
You feel very sick. The water moccasin closely misses you.
The wight closely misses you.
The water moccasin bites you but does no damage.
You hit the wight.
The wight convulses.
The wight is almost destroyed.
You feel very sick. The water moccasin bites you. The wight barely misses you.
The water moccasin bites you.
* * * LOW HITPOINT WARNING * * *
You are lethally poisoned!
The water moccasin poisons you!
The wight hits you with a +0 long sword.
* * * LOW HITPOINT WARNING * * *
You sock the wight!
You destroy the wight!
* * * LOW HITPOINT WARNING * * *
You feel very sick. The water moccasin barely misses you.
The water moccasin bites you.
* * * LOW HITPOINT WARNING * * *
Training target 5.0 for Armour reached!
Your Armour skill increases to level 5!
You need to enable at least one skill for training.
It was a potion of might.
You feel very mighty all of a sudden.
* * * LOW HITPOINT WARNING * * *
You feel very sick.
The water moccasin bites you but does no damage.
It was a potion of attraction.
You feel attractive to monsters.
* * * LOW HITPOINT WARNING * * *
You feel very sick.
The water moccasin bites you but does no damage.
You closely miss the water moccasin.
You die...

....†##.....##$...... #
.#.#.........$.#.#.# ..
...#.#.#...#.#.#...#.#.
.......#.#.#...........
....##.......##.....##.
.........#...........#
###.#....#....#.###.#..
~
.......#.....)#####...~
..##)......##.@S.....~~
.. ..#.#.#..#.###.....~
.#.#...#.#..# ...PP
###. ..... .~~≈ #####.
.~≈ .# ~≈ .# ≈ ..


You could see a water moccasin.

Vanquished Creatures
  A wyvern (D:5)
  Edmund (D:4)
  A water moccasin (D:5)
  3 ogres (D:5)
  2 water moccasin zombies (D:5)
  A wight (D:6)
  6 hounds
  An orc priest (D:5)
  3 centaur zombies (D:5)
  A bullfrog skeleton (D:5)
  3 bullfrog zombies (D:5)
  2 jellies
  A gnoll bouda (D:4)
  3 iguanas
  2 scorpion zombies (D:5)
  A sleepcap (D:5)
  4 orc wizards
  A killer bee zombie (D:5)
  9 adders
  3 gnolls (D:5)
  A white imp (D:5)
  2 ufetubi (D:6)
  3 dart slugs
  A ribbon worm (D:3)
  17 orcs
  8 ball pythons
  7 bats
  8 endoplasms
  9 giant cockroaches
  8 goblins
  9 hobgoblins
  5 quokkas
  8 frilled lizards
  4 kobolds
  7 rats
146 creatures vanquished.

Vanquished Creatures (others)
  An orc wizard (D:4)
  2 adders (D:3)
  A ribbon worm (D:3)
  A ball python (D:3)
  A hobgoblin (D:3)
  A kobold (D:3)
  A rat (D:3)
8 creatures vanquished.

Grand Total: 154 creatures vanquished

Notes
Turn   | Place    | Note
-------+----------+-------------------------------------------
     0 | D:1      | Fractals the Human Artificer began the quest for the Orb.
     0 | D:1      | Reached XP level 1. HP: 15/15 MP: 1/1
   285 | D:1      | Reached XP level 2. HP: 19/21 MP: 2/2
   370 | D:1      | Found a faded altar of an unknown god.
   864 | D:2      | Reached XP level 3. HP: 27/27 MP: 3/3
  1308 | D:2      | Reached XP level 4. HP: 23/34 MP: 4/4
  1689 | D:3      | Found a stormy altar of Qazlal.
  1796 | D:3      | Found an iron altar of Okawaru.
  1841 | D:3      | Found a shimmering altar of Xom.
  2489 | D:4      | Reached XP level 5. HP: 39/41 MP: 5/5
  3052 | D:3      | Reached XP level 6. HP: 43/49 MP: 6/6
  3274 | D:4      | Found a staircase to the Ecumenical Temple.
  3309 | Temple   | Entered the Ecumenical Temple
  3326 | D:4      | Noticed Edmund
  3735 | D:4      | Reached skill level 5 in Fighting
  3763 | D:4      | Killed Edmund
  3764 | D:4      | Reached skill level 1 in Short Blades
  3764 | D:4      | Reached XP level 7. HP: 36/56 MP: 7/7
  4011 | D:5      | Entered Level 5 of the Dungeon
  4224 | D:5      | Noticed a shadow
  4225 | D:5      | Found a shadowy altar of Dithmenos.
  4226 | D:5      | Found a hazy altar of Hepliaklqana.
  4284 | D:5      | Found a broken altar of Ashenzari.
  4406 | D:5      | Reached skill level 5 in Evocations
  4511 | D:5      | Noticed a wyvern
  4702 | D:5      | Reached XP level 8. HP: 62/62 MP: 8/8
  4736 | D:5      | Reached skill level 5 in Short Blades
  5206 | D:5      | Identified the +0 falchion "Qiestro Kuwn" {chaos, Int+3}
  5312 | D:5      | Killed a wyvern
  5467 | D:5      | Reached XP level 9. HP: 59/69 MP: 9/9
  5658 | D:6      | Found a bloodstained altar of Trog.
  5825 | D:6      | Reached skill level 5 in Armour
  5826 | D:6      | HP: 2/67 [poisoned by a water moccasin]
  5827 | D:6      | Succumbed to a water moccasin's poison

Illustrated notes

Levels and vault maps discovered:
D:1:      lemuel_arrival_muddy, layout_loops_ring,
          hellmonk_ecumenical_altar_defaced_shrine
D:2:      layout_basic, minmay_worlds_worst_comb
D:3:      layout_loops_ring, lemuel_doored_altar,
          nicolae_qazlal_general_emergency, xom_confusion_cloud,
          minmay_shallow_snake_nest
D:4:      minmay_opposing_rooms, layout_basic, minmay_temple_entry_stoned_glass,
          uniq_edmund
D:5:      layout_loops_corners, riverfiend_overflow_shadow_ancestor,
          ashenzari_altar_1, serial_undead, serial_undead_f, serial_undead_a,
          serial_undead_c, serial_undead_e
D:6:      nicolae_cairo_tiling_large_dashed, layout_rooms,
          grunt_temple_overflow_lords_of_destruction,
          nzn_overflow_gifts_of_might_and_magic, fedhas_altar_fruit_tree,
          chequers_big_river, due_unseen_surprise, uniq_sigmund
Temple:   ebering_the_one_and_only

Skill      XL: |  1  2  3  4  5  6  7  8  9 |
---------------+----------------------------+-----
Stealth        | 2 3 4 |  4.5
Fighting       | 2 3 4 5 6 |  6.0
Armour         | 3 4 5 |  5.0
Short Blades   | 1 4 6 |  6.0
Evocations     | 4 5 |  5.0
Dodging        | 2 |  2.0

Action                     |  1- 3 |  4- 6 |  7- 9 || total
---------------------------+-------+-------+-------++-------
  Melee: Short sword       |   156 |    38 |   180 ||   374
         Punch             |     2 |     1 |     7 ||    10
         Rapier            |       |   225 |       ||   225
         Unarmed           |       |     3 |       ||     3
         Flail             |       |       |    78 ||    78
  Throw: Javelin           |     7 |    13 |       ||    20
         Dart              |       |     7 |    17 ||    24
  Evoke: Wand              |     1 |     3 |     6 ||    10
    Use: Scroll            |       |    10 |     1 ||    11
         Potion            |       |     6 |     3 ||     9
   Stab: Sleeping          |     3 |     4 |       ||     7
         Distracted        |     1 |     1 |       ||     2
         Invisible         |       |       |     2 ||     2
 Armour: Leather armour    |    21 |       |       ||    21
         Ring mail         |    84 |    80 |       ||   164
         Scale mail        |       |   131 |   211 ||   342
         Skin              |       |     3 |       ||     3
  Dodge: Dodged            |    96 |   138 |   134 ||   368
